 Dungeon Crawl Stone Soup version 0.30-a0-930-gb9d0489357 (webtiles) character file.

Game seed: 10172169675164261297

734 vineage the Trooper (level 7, -3/46 HPs)
             Began as a Gargoyle Fighter on Mar 23, 2023.
             Was a Believer of Okawaru.
             Killed by divine providence
             ... invoked by an orc priest
              (12 damage)
             ... on level 5 of the Dungeon.
             The game lasted 00:06:55 (4018 turns).

vineage the Trooper (Gargoyle Fighter)              Turns: 4018, Time: 00:06:56

Health: -3/46      AC: 17    Str: 22    XL:     7   Next: 74%
Magic:  7/7        EV:  7    Int:  8    God:    Okawaru [**....]
Gold:   360        SH:  4    Dex:  9    Spells: 6/6 levels left

rFire   . . .      SeeInvis .    a - +1 flail
rCold   . . .      Faith    .    c - +0 buckler
rNeg    + . .      Spirit   .    r - +0 chain mail
rPois   ∞          Reflect  .    k - +0 helmet
rElec   +          Rampage  .    (no cloak)
rCorr   .                        s - +0 pair of gloves
Will    .....                    (no boots) Stlth
                                 m - amulet of regeneration
HPRegen 1.07/turn                (no ring)
MPRegen 0.10/turn                (no ring)

@: no status effects
A: sickness immunity, AC +4, negative energy resistance 1, electricity
resistance, torment resistance 1, petrification resistance
a: Renounce Religion, Heroism


You were on level 5 of the Dungeon.
You worshipped Okawaru.
Okawaru was pleased with you.
You visited 1 branch of the dungeon, and saw 5 of its levels.
You also visited: Sewer.

You collected 360 gold pieces.

Inventory:

Hand Weapons
 a - a +1 flail (weapon)
Armour
 c - a +0 buckler (worn)
 k - a +0 helmet (worn)
 r - a +0 chain mail (worn)
 s - a +0 pair of gloves (worn)
Jewellery
 m - an amulet of regeneration (around neck)
 p - a ring of magical power
Wands
 n - a wand of roots (17)
Scrolls
 b - a scroll of blinking {unknown}
 e - 2 scrolls of vulnerability {unknown}
 g - 4 scrolls of teleportation
 h - 2 scrolls of enchant weapon
 u - a scroll of immolation {unknown}
 v - a scroll of identify
Potions
 d - 3 potions of might
 f - 7 potions of curing
 i - 2 potions of lignification
 j - 3 potions of flight
 l - 2 potions of brilliance {unknown}
 o - 2 potions of haste {unknown}
 q - a potion of mutation {unknown}
 t - a potion of invisibility {unknown}
 w - 2 potions of heal wounds {unknown}


   Skills:
 * Level 6.2 Fighting
 * Level 5.1 Maces & Flails
 + Level 4.8 Armour
 + Level 5.0 Shields


You had 6 spell levels left.
You didn't know any spells.
Your spell library contained the following spells:

 Spells                   Type           Power      Damage    Failure   Level
 Momentum Strike          Conj/Tloc      0%         3d8       100%        2
 Hailstorm                Conj/Ice       0%         3d3       100%        3
 Ozocubu's Armour         Ice            0%         N/A       100%        3
 Passage of Golubria      Tloc           0%         N/A       100%        4
 Borgnjor's Vile Clutch   Necr/Erth      0%         N/A       100%        5
 Silence                  Hex/Air        0%         N/A       100%        5
 Iron Shot                Conj/Erth      0%         9d1       100%        6
 Ozocubu's Refrigeration  Ice            0%         4d7       100%        7
 Lehudib's Crystal Spear  Conj/Erth      0%         10d2      100%        8
 Animate Dead             Necr           Unusable   N/A       N/A         4
 Death Channel            Necr           Unusable   N/A       N/A         6

Dungeon Overview and Level Annotations

Branches:
Dungeon (5/15)              Sewer (visited)
 Temple: D:4-7

Altars:
Okawaru

Shops:
D:5 *?[


Innate Abilities, Weirdness & Mutations

You are immune to sickness and miasma.
Your stone body is resilient. (AC +4)
You are immune to poison.
You resist negative energy. (rN+)
You are resistant to electric shocks. (rElec)
You are resistant to unholy torment.
You are immune to petrification.


Message History

You hit the iguana but do no damage.
The iguana is moderately wounded.
The orc priest hits you but does no damage.
The iguana bites you but does no damage.
You sock the iguana!
The iguana is severely wounded.
The orc priest hits you from afar with a +0 trident.
* * * LOW HITPOINT WARNING * * *
The iguana bites you!
* * * LOW HITPOINT WARNING * * *
You hit the iguana but do no damage.
The iguana is severely wounded.
The iguana bites you but does no damage.
The orc priest barely misses you.
You hit the iguana.
The iguana is almost dead.
The iguana bites you but does no damage.
The orc priest hits you but does no damage.
The iguana bites you but does no damage.
The orc priest hits you but does no damage.
You sock the iguana!
You kill the iguana!
Okawaru accepts your kill.
The orc priest hits you from afar with a +0 trident.
* * * LOW HITPOINT WARNING * * *
Your Shields skill increases to level 5!
The orc priest hits you with a +0 trident.
* * * LOW HITPOINT WARNING * * *
Items here: ))) [[[ †.
The orc priest closely misses you.
The orc priest calls down the wrath of Beogh upon you.
You struggle to resist.
You hit the orc priest.
The orc priest is lightly wounded.
The orc priest closely misses you.
You sock the orc priest!
The orc priest is severely wounded.
The orc priest mumbles some strange prayers to Beogh against you.
Beogh smites you!
You die...

#.........#
#######.#######.#
#.......# ###.#
#.####### #...#
####.#### #.###
#.......# #.#
#.......########)#######
#.......+........o......
........#####...@.......
≈≈≈≈≈...# #.##.....###
≈≈≈≈≈...# ... #.#.#.#
..#.#...# ### #.....#
#...#...# #....##
###.....# #.....
........ .....#.
......#. ..... ..


You could see an orc priest.

Vanquished Creatures
  A black bear (D:4)
  A centaur (D:3)
  An ogre (D:4)
  2 scorpions
  An orc priest (D:5)
  2 iguanas
  2 orc wizards (D:5)
  4 gnolls
  5 adders
  6 river rats (Sewer)
  A white imp (D:5)
  An ufetubus (D:4)
  3 worms
  3 orcs
  9 bats
  12 endoplasms
  3 giant cockroaches
  5 hobgoblins
  11 kobolds
  3 quokkas
  7 ball pythons
  13 frilled lizards
  4 goblins
  12 rats
  A bush (D:2)
113 creatures vanquished.

Notes
Turn   | Place    | Note
-------+----------+-------------------------------------------
     0 | D:1      | vineage the Gargoyle Fighter began the quest for the Orb.
     0 | D:1      | Reached XP level 1. HP: 14/14 MP: 1/1
   176 | D:1      | Reached XP level 2. HP: 19/19 MP: 2/2
   570 | D:1      | Reached XP level 3. HP: 21/24 MP: 3/3
   694 | D:2      | Found an iron altar of Okawaru.
   701 | D:2      | Became a worshipper of Warmaster Okawaru
   943 | D:2      | Got the Essays on the Fifth Circle
  1022 | D:2      | Found a faded altar of an unknown god.
  1152 | D:2      | Reached skill level 4 in Fighting
  1339 | D:2      | Reached XP level 4. HP: 29/29 MP: 4/4
  1902 | D:3      | Noticed a centaur
  1911 | D:3      | Killed a centaur
  1912 | D:3      | Reached XP level 5. HP: 15/34 MP: 5/5
  2038 | D:3      | Found a glowing drain.
  2047 | Sewer    | Entered a sewer
  2073 | Sewer    | Reached * piety under Okawaru
  2093 | Sewer    | Reached XP level 6. HP: 40/40 MP: 6/6
  2131 | Sewer    | Reached skill level 5 in Fighting
  3196 | D:4      | Noticed a black bear
  3202 | D:4      | Killed a black bear
  3203 | D:4      | Reached XP level 7. HP: 44/45 MP: 7/7
  3761 | D:5      | Entered Level 5 of the Dungeon
  3919 | D:5      | Found Kemo's General Store.
  3924 | D:5      | Found Qietzu's Magic Scroll Shoppe.
  3925 | D:5      | Found Zoqa's Armour Emporium.
  3953 | D:5      | Reached skill level 6 in Fighting
  3985 | D:5      | Reached ** piety under Okawaru
  3999 | D:5      | Reached skill level 5 in Maces & Flails
  4014 | D:5      | Reached skill level 5 in Shields
  4018 | D:5      | Killed from afar by an orc priest

Illustrated notes

Levels and vault maps discovered:
D:1:      dpeg_arrival_oval, layout_basic, minmay_split_cup_small
D:2:      minmay_evil_eye, layout_loops_ring, basic_altar,
          hellmonk_ecumenical_altar_arch_garden, minmay_hedge_maze
D:3:      layout_loops_ring, portal_sewer_entry_d
D:4:      layout_basic
D:5:      layout_basic, jmf_multi_god_temple, nicolae_wooded_promenade

Skill      XL: |  1  2  3  4  5  6  7 |
---------------+----------------------+-----
Fighting       | 4 5 6 |  6.2
Maces & Flails | 3 4 5 |  5.1
Armour         | 4 |  4.8
Shields        | 4 5 |  5.0

Action                     |  1- 3 |  4- 6 |  7- 9 || total
---------------------------+-------+-------+-------++-------
  Melee: Flail             |   232 |   203 |    92 ||   527
    Use: Scroll            |     5 |     3 |       ||     8
 Armour: Scale mail        |    78 |   114 |       ||   192
         Chain mail        |       |     7 |    77 ||    84
  Dodge: Dodged            |    47 |   104 |    45 ||   196
  Block: Buckler           |    32 |    51 |    21 ||   104

Table legend: (Time is in decaauts)
 A = Elapsed time spent in this place.
 B = Non-inter-level travel time spent in this place.
 C = Inter-level travel time spent in this place.
 D = Time resting spent in this place.
 E = Time spent auto-exploring this place.
 F = Levels seen in this place.
 G = Mean time per level.
                   A        B        C        D        E       F      G
               +--------+--------+--------+--------+--------+-----+--------+
         Total |   4216 |   4030 |    186 |     76 |   2817 |   6 |  702.7 |
       Dungeon |   3737 |   3551 |    186 |     76 |   2536 |   5 |  747.4 |
         Sewer |    478 |    478 |      0 |      0 |    280 |   1 |  478.0 |
               +--------+--------+--------+--------+--------+-----+--------+

Top non-repeatable levels by time:
     D:2: 1023 daAuts
     D:3: 929 daAuts
     D:4: 860 daAuts
     D:1: 709 daAuts
   Sewer: 478 daAuts
     D:5: 215 daAuts
